 Dungeon Crawl Stone Soup version 0.26.1-2-gb8aa6d0cf2 (webtiles) character file.

Game seed: 16627062783961377250

450 Descartes the Magician (level 6, -1/34 HPs)
             Began as a Deep Elf Wanderer on Mar 25, 2021.
             Slain by a phantom (8 damage)
             ... on level 4 of the Dungeon.
             The game lasted 00:09:00 (4770 turns).

Descartes the Magician (Deep Elf Wanderer)          Turns: 4770, Time: 00:09:00

Health: -1/34      AC:  5    Str:  8    XL:     6   Next: 74%
Magic:  15/15      EV: 11    Int: 19    God:
Gold:   189        SH:  0    Dex: 15    Spells: 13/15 levels left

rFire    + . .     SeeInvis .   b - +1 dagger (speed)
rCold    + + .     Faith    .   (no shield)
rNeg     . . .     Spirit   .   u - +2 robe {rC+ rF+}
rPois    .         Reflect  .   e - +0 helmet
rElec    .         Harm     .   (no cloak)
rCorr    .         Rampage  .   (no gloves)
Will     .....                  (no boots)
Stlth    +.........             C - amulet of magic regeneration
HPRegen  0.11/turn              t - ring of protection from cold
MPRegen  0.39/turn              B - ring of flight

@: no status effects
A: no striking features
a: Evoke Flight


You were on level 4 of the Dungeon.
You visited 1 branch of the dungeon, and saw 4 of its levels.

You collected 189 gold pieces.

Inventory:

Hand Weapons
 a - a +2 shortbow
 b - a +1 dagger of speed (weapon)
 l - a +0 hunting sling
Missiles
 i - 159 stones (quivered)
 p - 41 arrows
 v - 19 sling bullets
Armour
 e - a +0 helmet (worn)
 u - a +2 robe of resistance (worn)
 y - a +0 kite shield
Jewellery
 t - a ring of protection from cold (left hand)
 B - a ring of flight (right hand)
 C - an amulet of magic regeneration (around neck)
Wands
 d - a wand of random effects (15)
Scrolls
 c - 4 scrolls of remove curse {unknown}
 f - a scroll of random uselessness {unknown}
 g - 3 scrolls of fog {unknown}
 j - 2 scrolls of blinking {unknown}
 n - a scroll of enchant armour {unknown}
 q - 2 scrolls of teleportation {unknown}
 r - 3 scrolls of amnesia {unknown}
 s - 5 scrolls of magic mapping {unknown}
 w - a scroll of identify {unknown}
Potions
 h - 2 potions of curing {unknown}
 k - 3 potions of degeneration {unknown}
 m - 4 potions of lignification {unknown}
 o - a potion of berserk rage {unknown}
 x - a potion of ambrosia {unknown}
 z - a potion of brilliance {unknown}
 A - a potion of experience {unknown}


   Skills:
 - Level 1.0 Fighting
 + Level 4.7 Bows
 - Level 1.0 Throwing
 + Level 1.5 Shields
 - Level 5.0 Spellcasting
 + Level 3.8 Conjurations
 + Level 3.4 Air Magic
 + Level 2.8 Poison Magic
 - Level 1.1 Evocations


You had 13 spell levels left.
You knew the following spells:

 Your Spells              Type           Power        Failure   Level
a - Poisonous Vapours     Pois/Air       32%          5%          2

Your spell library contained the following spells:

 Spells                   Type           Power        Failure   Level
 Swiftness                Air            17%          4%          2


Dungeon Overview and Level Annotations

Branches:
Dungeon (4/15)
 Temple: D:4-7

Altars:
Ashenzari
Hepliaklqana
Nemelex Xobeh


Message History

Confirm with . or Enter, or press ? or * to list all spells.
Aiming: Poisonous Vapours (safe; 5% risk of failure)
Press: ? - help, Dir - move target, f/p - quokka
Aim: a quokka (heavily wounded, poisoned) Poisonous vapours surround the quokka!
The quokka is engulfed in poison gas.
The quokka looks even sicker.
You kill the quokka!
The phantom blinks!
The phantom blinks!
The phantom blinks!
Casting: Poisonous Vapours (safe; 5% risk of failure)
Confirm with . or Enter, or press ? or * to list all spells.
Aiming: Poisonous Vapours (safe; 5% risk of failure)
Press: ? - help, Dir - move target, f - phantom
Aim: a phantom (severely damaged) But poisonous vapours would do no harm to the phantom!
Your hands tingle!
b - a +1 dagger of speed (weapon)
The phantom hits you!
You die...

# #.#..#.....#.....#.###.#......
# #....#....####+######..#......
####....)...###.....###...'......
........#..###.....###....#......
........#.###.....###.....#...###
..§.....####.....###.....##...>..
.......§###.....###.....###...###
....†...§####'#######'#####...#
................@.............#
................W...#.#.####..#
.)..####.##........##.#.......# #
....# #.##........##.#######)# #
...## #.##........##.#.....#.# #
########.#####.######.#.##.<#.# #
#........# #.# #.#.#####.###
#.######## #.# #.#.........# #.#
#.# #.###########


You could see a phantom.

Vanquished Creatures
  2 ogres (D:4)
  A scorpion (D:4)
  A bullfrog skeleton (D:4)
  Jessica (D:2)
  An orc wizard (D:4)
  2 worker ants (D:4)
  2 adders
  A worm (D:2)
  A dart slug (D:1)
  3 leopard geckos
  7 orcs
  3 giant cockroaches
  8 goblins
  8 hobgoblins
  4 jackals (D:1)
  10 kobolds
  4 quokkas
  A ball python (D:3)
  8 bats
  7 frilled lizards
  11 rats
86 creatures vanquished.

Notes
Turn   | Place    | Note
-------+----------+-------------------------------------------
     0 | D:1      | Descartes the Deep Elf Wanderer began the quest for the
                  | Orb.
     0 | D:1      | Descartes set off with the following items: a +2 shortbow,
                  | 23 arrows, a wand of random effects (15), a +0 robe; and
                  | the following spells available to memorise: Swiftness,
                  | Poisonous Vapours
     0 | D:1      | Reached XP level 1. HP: 12/12 MP: 7/7
    90 | D:1      | Reached XP level 2. HP: 16/16 MP: 9/9
   244 | D:1      | Reached skill level 5 in Spellcasting
   244 | D:1      | Reached XP level 3. HP: 20/20 MP: 9/11
  1142 | D:2      | Learned a level 2 spell: Poisonous Vapours
  1599 | D:2      | Noticed Jessica
  1603 | D:2      | Killed Jessica
  1604 | D:2      | Reached XP level 4. HP: 25/25 MP: 5/13
  1812 | D:2      | Reached skill level 1 in Poison Magic
  2446 | D:2      | Found a hazy altar of Hepliaklqana.
  2446 | D:2      | Found a broken altar of Ashenzari.
  3518 | D:3      | Found a sparkling altar of Nemelex Xobeh.
  3894 | D:4      | Noticed an ogre
  3905 | D:4      | Killed an ogre
  3906 | D:4      | Reached XP level 5. HP: 29/29 MP: 4/14
  4368 | D:4      | Reached skill level 1 in Shields
  4368 | D:4      | Reached XP level 6. HP: 28/34 MP: 6/15
  4717 | D:4      | HP: 1/34 [phantom (6)]
  4770 | D:4      | Slain by a phantom

Illustrated notes

Levels and vault maps discovered:
D:1:      onia_arrival_pentagram, layout_basic, minmay_tiny_reverse_x
D:2:      minmay_door_path, layout_basic, gammafunk_temple_overflow_elements,
          uniq_jessica
D:3:      layout_basic, nemelex_altar_shiori
D:4:      layout_basic, minmay_quadrilaterals

Skill      XL: |  1  2  3  4  5 |
---------------+----------------+-----
Conjurations   | 2 3 |  3.8
Spellcasting   | 5 |  5.0
Air Magic      | 2 3 |  3.4
Bows           | 3 4 |  4.7
Poison Magic   | 1 2 |  2.8
Shields        | 1 |  1.5
Fighting       | |  1.0
Throwing       | |  1.0
Evocations     | |  1.1

Action                   |  1- 3 |  4- 6 || total
-------------------------+-------+-------++-------
Melee: Dagger            |       |    21 ||    21
 Fire: Shortbow          |    97 |    24 ||   121
 Cast: Poisonous Vapours |    10 |    78 ||    88
Armor: Robe              |     8 |     9 ||    17
       Leather armour    |     2 |       ||     2
Dodge: Dodged            |    11 |    18 ||    29
